 Dungeon Crawl Stone Soup version 0.28-a0-1506-g3893175d92 (webtiles) character file.

Game seed: 759471176321562610

18 riojii the Covered (level 2, 27/27 HPs)
             Began as a Minotaur Fighter on Jan 13, 2022.
             Quit the game on level 1 of the Dungeon.
             The game lasted 00:01:23 (1022 turns).

riojii the Covered (Minotaur Fighter)               Turns: 1022, Time: 00:01:23

Health: 27/27      AC:  7    Str: 20    XL:     2   Next: 51%
Magic:  1/1        EV:  9    Int:  5    God:
Gold:   30         SH:  4    Dex:  9    Spells: 1/1 levels left

rFire   . . .      SeeInvis .   a - +0 war axe
rCold   . . .      Faith    .   c - +0 buckler
rNeg    . . .      Spirit   .   b - +0 scale mail
rPois   .          Reflect  .   (helmet restricted)
rElec   .          Harm     .   (no cloak)
rCorr   +          Rampage  .   (no gloves)
Will    .....                   (no boots)
Stlth   +.........              (no amulet)
HPRegen 0.09/turn               h - ring of resist corrosion
MPRegen 0.07/turn               (no ring)

@: no status effects
A: horns 2, retaliatory headbutt, camouflage 1, MP-powered wands
a: no special abilities


You were on level 1 of the Dungeon.
You visited 1 branch of the dungeon, and saw 1 of its levels.

You collected 30 gold pieces.

Inventory:

Hand Weapons
 a - a +0 war axe (weapon)
Armour
 b - a +0 scale mail (worn)
 c - a +0 buckler (worn)
Jewellery
 h - a ring of resist corrosion (left hand)
Scrolls
 g - a scroll of teleportation
 i - 2 scrolls of identify
Potions
 d - a potion of might
 j - a potion of brilliance {unknown}
 k - a potion of curing {unknown}


   Skills:
 + Level 3.9 Fighting
 + Level 2.8 Axes
 + Level 3.9 Armour
 + Level 3.9 Shields


You had one spell level left.
You didn't know any spells.
Your spell library was empty.

Dungeon Overview and Level Annotations

Branches:
Dungeon (1/15)

Altars:


Innate Abilities, Weirdness & Mutations

You have a pair of horns on your head.
You reflexively headbutt those who attack you in melee.
Your skin changes colour to match your surroundings (Stealth+).
You expend magic power (3 MP) to strengthen your wands.


Message History

The bat misses you. The bat closely misses you. You furiously retaliate!
You headbutt the bat!
You kill the bat!
You open the door.
There is an open door here.
You now have 30 gold pieces (gained 1).
e - 3 fizzy blue potions (gained 2)
You open the door.
There is an open door here.
i - 3 scrolls labelled GUXOZ VUOV MAL (gained 2)
You open the door.
There is an open door here.
You open the door.
There is an open door here.
There is an open door here.
Things that are here:
a +0 dagger of venom; a stone Done exploring.
As you read the scroll labelled SOJ XYAFOL, it crumbles to dust.
You assume a fearsome visage.
Nothing appears to happen.
It was a scroll of fear.
As you read the scroll labelled BIERAPNA CEAHATS, it crumbles to dust.
You feel strangely unstable.
It was a scroll of teleportation.
As you read the scroll labelled GUXOZ VUOV MAL, it crumbles to dust.
It is a scroll of identify.
e - 3 potions of mutation Done exploring.
Your surroundings suddenly seem different.
You feel extremely strange.
You feel your magical essence link to the dungeon's wands.
You feel a strange attunement to the structure of the dungeons.
You feel extremely strange.
Your magical essence no longer links to wands of the dungeon.
You feel slightly disoriented.
You feel weaker.
Your skin functions as natural camouflage.
You feel less in control of your magic.
You feel extremely strange.
You regain control of your magic.
You feel stronger.
You feel your magical essence link to the dungeon's wands.
Are you sure you want to abandon this character and quit the game? (Confirm with "yes".)

#..#.#.#.##...........###.#
#..#.#..................#.#
#..#.#........#######)#.#.#
#..#.#........# #.#.#.#
#..#.#.#+###+## #.#.#.#
...........#.########.#.#.#
...#.#.###............#.#.#
......................#.#.#
................@>.####.#.#
...#...#.......###.# #.#.#
.........#.#.#.# #.# #.#.#
..###..###.#.#.###.# #.#.#
.........).........# #.#.#
...##..###.##..##..# #.#.#
.......#........#..# #.#.#
....#..#.#......#..# #.#.#
....#..#.#..#.###..# #.#.#


There were no monsters in sight!

Vanquished Creatures
  5 endoplasms (D:1)
  A giant cockroach (D:1)
  2 goblins (D:1)
  2 hobgoblins (D:1)
  2 kobolds (D:1)
  A quokka (D:1)
  A bat (D:1)
  A rat (D:1)
15 creatures vanquished.

Notes
Turn   | Place    | Note
-------+----------+-------------------------------------------
     0 | D:1      | riojii the Minotaur Fighter began the quest for the Orb.
     0 | D:1      | Reached XP level 1. HP: 19/19 MP: 0/0
   305 | D:1      | Reached XP level 2. HP: 22/27 MP: 1/1
  1019 | D:1      | Gained mutation: You expend magic power (3 MP) to
                  | strengthen your wands. [potion of mutation]
  1019 | D:1      | Gained mutation: You passively map a small area around you.
                  | [potion of mutation]
  1020 | D:1      | Lost mutation: You expend magic power (3 MP) to strengthen
                  | your wands. [potion of mutation]
  1020 | D:1      | Lost mutation: You passively map a small area around you.
                  | [potion of mutation]
  1020 | D:1      | Gained mutation: You are weak. (Str -2) [potion of
                  | mutation]
  1020 | D:1      | Gained mutation: Your skin changes colour to match your
                  | surroundings (Stealth+). [potion of mutation]
  1020 | D:1      | Gained mutation: Your spells are a little harder to cast,
                  | but a little more powerful. [potion of mutation]
  1021 | D:1      | Lost mutation: Your spells are a little harder to cast, but
                  | a little more powerful. [potion of mutation]
  1021 | D:1      | Lost mutation: You are weak. (Str -2) [potion of mutation]
  1021 | D:1      | Gained mutation: You expend magic power (3 MP) to
                  | strengthen your wands. [potion of mutation]
  1022 | D:1      | Quit the game

Illustrated notes

Levels and vault maps discovered:
D:1:      dpeg_arrival_rooms_c, layout_basic

Action                   || total
-------------------------++-------
Melee: War axe           ||    30
       Headbutt          ||     2
  Use: Scroll            ||     3
       Potion            ||     3
Armor: Scale mail        ||    20
Dodge: Dodged            ||    14
Block: Buckler           ||     7

Table legend: (Time is in decaauts)
 A = Elapsed time spent in this place.
 B = Non-inter-level travel time spent in this place.
 C = Inter-level travel time spent in this place.
 D = Time resting spent in this place.
 E = Time spent auto-exploring this place.
 F = Levels seen in this place.
 G = Mean time per level.
                   A        B        C        D        E       F      G
               +--------+--------+--------+--------+--------+-----+--------+
         Total |   1033 |   1033 |      0 |      0 |    910 |   1 | 1033.0 |
       Dungeon |   1033 |   1033 |      0 |      0 |    910 |   1 | 1033.0 |
               +--------+--------+--------+--------+--------+-----+--------+

Top non-repeatable levels by time:
     D:1: 1033 daAuts
